 Dungeon Crawl Stone Soup version 0.31-a0-175-g9f7f995f2b (webtiles) character file.

Game seed: 16697229845807750452

132 rabbitsville the Shooter (level 5, -1/42 HPs)
             Began as a Formicid Hunter on June 16, 2023.
             Killed by divine providence
             ... invoked by an orc priest
              (16 damage)
             ... on level 4 of the Dungeon.
             The game lasted 00:11:41 (2204 turns).

rabbitsville the Shooter (Formicid Hunter)          Turns: 2204, Time: 00:11:42

Health: -1/42      AC:  4    Str: 16    XL:     5   Next: 38%
Magic:  5/5        EV: 11    Int:  8    God:
Gold:   105        SH: 10    Dex: 19    Spells: 4/4 levels left

rFire   . . .        a - +0 shortbow
rCold   . . .        l - +0 buckler
rNeg    . . .        c - +0 leather armour
rPois   .            (helmet unavailable)
rElec   .            s - +0 cloak
rCorr   .            (no gloves)
SInv    +            (no boots)
Will    .....        t - amulet of reflection
Stlth   ++           (no ring)
HPRegen 0.27/turn    (no ring)
MPRegen 0.09/turn

%: reflection
@: no status effects
A: permanent stasis, dig shafts and tunnels, antennae 3, four strong arms
a: Dig, Shaft Self


You were on level 4 of the Dungeon.
You visited 1 branch of the dungeon, and saw 4 of its levels.

You collected 155 gold pieces.
You spent 50 gold pieces at shops.

Inventory:

Hand Weapons
 a - a +0 shortbow (weapon)
 b - a +1 dagger of venom
Missiles
 k - 6 javelins
Armour
 c - a +0 leather armour (worn)
 l - a +0 buckler (worn)
 s - a +0 cloak (worn)
Jewellery
 p - an amulet of the acrobat
 r - an amulet of faith
 t - an amulet of reflection (around neck)
Scrolls
 d - 2 scrolls of enchant weapon {unknown}
 e - 8 scrolls of identify
 m - 2 scrolls of fear {unknown}
 n - a scroll of brand weapon {unknown}
 o - a scroll of enchant armour {unknown}
 v - a scroll of revelation {unknown}
 w - 3 scrolls of blinking {unknown}
Potions
 f - 6 potions of curing {unknown}
 h - 2 potions of invisibility {unknown}
 i - a potion of experience {unknown}
 j - a potion of degeneration {unknown}
 q - 3 potions of haste {unknown}
 u - 2 potions of attraction {unknown}


   Skills:
 + Level 3.7 Fighting
 + Level 4.8 Ranged Weapons
 - Level 0.3 Armour
 - Level 1.7 Dodging
 - Level 1.7 Stealth
 + Level 2.9 Shields


You had 4 spell levels left.
You didn't know any spells.
Your spell library was empty.

Dungeon Overview and Level Annotations

Branches:
Dungeon (4/15)
 Temple: D:4-7

Altars:

Shops:
D:3 ?


Innate Abilities, Weirdness & Mutations

You cannot be hasted, slowed, berserked, paralysed or teleported.
You can dig through walls and to a lower floor.
You have a pair of large antennae on your head. (SInv)
Your four strong arms can wield two-handed weapons with a shield.


Message History

You block the orc's attack. You block the orc priest's attack.
The orc hits you with a +0 dagger.
An orc comes into view. It is wielding a +0 trident.
The orc priest mumbles some strange prayers to Beogh against you.
Beogh smites you!
As you read the scroll of butterflies, it crumbles to dust.
You hear the flapping of tiny wings.
The orc priest is knocked back by the sudden gust.
The orc is knocked back by the sudden gust. x2
You swap places.
The orc hits your butterfly with a +0 hand axe.
Your butterfly dies!
Your butterfly disappears in a burst of colours!
The orc hits your butterfly with a +0 hand axe.
Your butterfly dies!
Your butterfly disappears in a burst of colours!
The orc hits your butterfly with a +0 hand axe.
Your butterfly dies!
Your butterfly disappears in a burst of colours!
The orc misses your butterfly.
The orc priest hits your butterfly with a +0 club.
Your butterfly dies!
Your butterfly disappears in a burst of colours!
You swap places.
The orc barely misses your butterfly. The orc misses your butterfly.
The orc barely misses your butterfly. The orc priest misses your butterfly.
The orc barely misses your butterfly.
Things that are here:
a +0 morningstar; an orc corpse You swap places.
The orc hits your butterfly with a +0 dagger.
Your butterfly dies!
Your butterfly disappears in a burst of colours!
The orc priest hits your butterfly with a +0 club.
Your butterfly dies!
Your butterfly disappears in a burst of colours!
You swap places.
The orc closely misses your butterfly.
Something closely misses your butterfly.
The orc priest invokes the aid of Beogh against you.
Beogh smites you!
You die...

.......# ...# ......#
...# .....###
bb.###### #.....#
#..{..... #.....#
#{.{.b... #.....#
#.....b..
#.....#######bbb.b...
######
#........b.bbbbbob...
#....#
###'##.b@.bbboboob...
#....#
#....#..#########....
#....# #....#.## ...
#....#####...#.# .# .
#.......##...#.#$...
#.......#......#⌠.o.
#.......#....#.#$.oo
#.......##'###.# {.#
#####........# #


You could see an orc priest (ally target) and an orc.

Vanquished Creatures
  9 adders
  A dart slug (D:2)
  An orc (D:4)
  An endoplasm (D:1)
  3 giant cockroaches
  2 goblins (D:3)
  4 hobgoblins
  7 kobolds
  A quokka (D:3)
  7 ball pythons
  9 bats
  3 frilled lizards
  2 rats
50 creatures vanquished.

Notes
Turn   | Place    | Note
-------+----------+-------------------------------------------
     0 | D:1      | rabbitsville the Formicid Hunter began the quest for the
                  | Orb.
     0 | D:1      | Reached XP level 1. HP: 16/16 MP: 1/1
   242 | D:1      | Reached XP level 2. HP: 21/21 MP: 2/2
   401 | D:1      | Found a faded altar of an unknown god.
   857 | D:2      | Reached skill level 1 in Shields
   857 | D:2      | Reached XP level 3. HP: 28/28 MP: 3/3
  1057 | D:2      | Reached XP level 4. HP: 35/35 MP: 4/4
  1558 | D:3      | Found Haheji's Magic Scroll Boutique.
  1561 | D:3      | Bought a scroll of identify for 20 gold pieces
  1561 | D:3      | Bought a scroll of teleportation for 30 gold pieces
  1878 | D:3      | Reached XP level 5. HP: 39/41 MP: 5/5
  2204 | D:4      | Killed from afar by an orc priest

Illustrated notes

Levels and vault maps discovered:
D:1:      elethiomel_arrival_fortress_basement, layout_loops_ring,
          dreamdust_ecumenical_altar_angels_and_demons, nrook_uturn
D:2:      layout_rooms
D:3:      layout_basic, serial_shops, nicolae_shop_behind_doors,
          grunt_decor_cap, minmay_snake_closets
D:4:      cheibrodos_pilgrimage, layout_gridville, nicolae_shop_clearance

Skill      XL: |  1  2  3  4 |
---------------+-------------+-----
Shields        | 1 2 |  2.9
Fighting       | 3 |  3.7
Ranged Weapons | |  4.8
Armour         | |  0.3
Dodging        | |  1.7
Stealth        | |  1.7

Action                     |  1- 3 |  4- 6 || total
---------------------------+-------+-------++-------
   Fire: Shortbow          |    72 |    80 ||   152
Ability: Dig               |     1 |       ||     1
    Use: Scroll            |       |     1 ||     1
 Armour: Leather armour    |     9 |     4 ||    13
  Dodge: Dodged            |    11 |     6 ||    17
  Block: Buckler           |     3 |    32 ||    35

Table legend: (Time is in decaauts)
 A = Elapsed time spent in this place.
 B = Non-inter-level travel time spent in this place.
 C = Inter-level travel time spent in this place.
 D = Time resting spent in this place.
 E = Time spent auto-exploring this place.
 F = Levels seen in this place.
 G = Mean time per level.
                   A        B        C        D        E       F      G
               +--------+--------+--------+--------+--------+-----+--------+
         Total |   2239 |   2147 |     92 |      0 |   1434 |   4 |  559.8 |
       Dungeon |   2239 |   2147 |     92 |      0 |   1434 |   4 |  559.8 |
               +--------+--------+--------+--------+--------+-----+--------+

Top non-repeatable levels by time:
     D:1: 864 daAuts
     D:3: 810 daAuts
     D:2: 446 daAuts
     D:4: 117 daAuts
